Selects Airborne Battlegroup
Selects Heavy Machine Gun Paradrop
Heavy Machine Gun Paradrop
Construct Weapon Support Center
Heavy Machine Gun Paradrop
Selects Paratrooper Squad Paradrop
Mechanized Support Center
Paratrooper Squad Paradrop
Paratrooper Squad Paradrop
Paratrooper Squad Paradrop
Paratrooper Squad Paradrop
Paratrooper Squad Paradrop
Selects Carpet Bombing Run
Selects Anti-tank Gun Team Paradrop